 Dungeon Crawl Stone Soup version 0.31-a0-38-g1548c4f2a5 (webtiles) character file.

Game seed: 6446883072847499618

52834 porpoise the Covert (level 15, -9/96 HPs)
             Began as a Kobold Enchanter on May 16, 2023.
             Was a Believer of Uskayaw.
             Killed from afar by Frances (23 damage)
             ... with a shard of ice
             ... on level 12 of the Dungeon on May 17, 2023.
             The game lasted 01:28:28 (22277 turns).

porpoise the Covert (Kobold Enchanter)             Turns: 22277, Time: 01:28:28

Health: -9/96      AC: 12    Str:  8    XL:     15   Next: 7%
Magic:  19/25      EV: 21    Int: 19    God:    Uskayaw [**....]
Gold:   2022       SH:  0    Dex: 18    Spells: 8/28 levels left

rFire   + . .        a - +3 quick blade (vamp)
rCold   . . .        (no shield)
rNeg    . . .        x - +1 robe {rF+}
rPois   .            n - +1 helmet
rElec   .            D - +0 cloak
rCorr   .            z - +0 pair of gloves
SInv    .            U - +0 pair of boots
Will    +....        p - amulet of faith
Stlth   ++++++       g - ring of willpower
HPRegen 0.36/turn    E - +4 ring of protection
MPRegen 0.19/turn

%: faith
@: about to teleport, weak-willed
A: small, no large weapons, nightstalker 3
a: Renounce Religion, Stomp, Line Pass


You were on level 12 of the Dungeon.
You worshipped Uskayaw.
Uskayaw was aware of your devotion.
You visited 3 branches of the dungeon, and saw 20 of its levels.

You collected 2022 gold pieces.

Inventory:

Hand Weapons
 a - a +3 vampiric quick blade (weapon)
 r - a +2 short sword of holy wrath
 L - the +6 falchion "Yram" {spect, rF+}
   (You found it on level 11 of the Dungeon)

   rF:        It protects you from fire.
 Q - a +2 arbalest of flaming
Missiles
 j - 14 poisoned darts
 K - 2 curare-tipped darts (quivered)
 O - 10 boomerangs
Armour
 n - a +1 helmet (worn)
 w - +0 acid dragon scales
 x - a +1 robe of fire resistance (worn)
 z - a +0 pair of gloves (worn)
 D - a +0 cloak (worn)
 J - a +2 leather armour of fire resistance
 U - a +0 pair of boots (worn)
 X - a +0 troll leather armour
Magical Staves
 M - the staff of cold "Enoin" {rPois rC+ Int+3 Dex+3 Stlth-}
   (You found it on level 11 of the Dungeon)

   [staff of cold]

   Base accuracy: +5 Base damage: 5 Base attack delay: 1.2 This weapon's minimum
   attack delay (0.6) is reached at skill level 12.
   Int:       It affects your intelligence (+3).
   Dex:       It affects your dexterity (+3).
   rC:        It protects you from cold.
   rPois:     It protects you from poison.
   Stlth:     It makes you less stealthy.
   It falls into the 'Staves' category.
   It is a two-handed weapon.
Jewellery
 g - a ring of willpower (left hand)
 o - a ring of protection from cold
 p - an amulet of faith (around neck)
 v - a +5 ring of evasion
 C - the ring "Zili" {Fly rElec Dex+6 Slay+3}
   (You took it off a yaktaur on level 11 of the Dungeon)

   [ring of dexterity]

   Dex:       It affects your dexterity (+6).
   Slay:      It affects your accuracy & damage with ranged weapons and melee
   (+3).
   rElec:     It insulates you from electricity.
   Fly:       It grants you flight.
 E - a +4 ring of protection (right hand)
Wands
 t - a wand of flame (29)
 y - a wand of polymorph (18)
 H - a wand of quicksilver (26)
 N - a wand of digging (7)
 P - a wand of iceblast (27)
 S - a wand of paralysis (3)
Scrolls
 b - 5 scrolls of vulnerability
 d - 4 scrolls of identify
 h - 5 scrolls of teleportation
 l - 2 scrolls of fog
 A - a scroll of summoning
 B - a scroll of immolation
 F - 4 scrolls of poison
 G - 7 scrolls of magic mapping
 T - a scroll of amnesia
 V - 5 scrolls of fear
 Z - 2 scrolls of silence
Potions
 c - a potion of invisibility
 e - 6 potions of heal wounds
 f - 5 potions of lignification
 i - a potion of berserk rage
 k - 3 potions of resistance
 m - 2 potions of haste
 q - 4 potions of magic
 s - 3 potions of attraction
 I - 9 potions of curing
 R - a potion of cancellation
Miscellaneous
 u - a lightning rod (4/4)
 W - a tin of tremorstones (2/2)


   Skills:
 - Level 12.0 Fighting
 - Level 10.0 Short Blades
 + Level 10.7 Dodging
 - Level 12.0 Stealth
 - Level 7.0 Spellcasting
 - Level 5.0 Conjurations
 - Level 12.0 Hexes
 + Level 2.2 Summonings
 - Level 7.0 Ice Magic
 + Level 8.9 Invocations
 - Level 5.0 Evocations


You had 8 spell levels left.
You knew the following spells:

 Your Spells              Type           Power      Damage    Failure   Level
a - Confusing Touch       Hex            51%        N/A       1%          3
b - Summon Ice Beast      Ice/Summ       24%        N/A       16%         4
d - Dazzling Flash        Conj/Hex       76%        N/A       1%          3
e - Ensorcelled Hibernat  Hex/Ice        84%        N/A       1%          2
t - Tukima's Dance        Hex            51%        N/A       1%          3
v - Summon Mana Viper     Hex/Summ       33%        N/A       16%         5

Your spell library contained the following spells:

 Spells                   Type           Power      Damage    Failure   Level
 Shock                    Conj/Air       64%        1d7       3%          1
 Cigotuvi's Dreadful Rot  Necr/Pois/Air  12%        N/A       16%         2
 Swiftness                Air            6%         N/A       30%         3
 Summon Lightning Spire   Summ/Air       10%        N/A       54%         4
 Airstrike                Air            3%         2d(1-17)  69%         4
 Dispel Undead            Necr           6%         3d8       69%         4
 Death Channel            Necr           3%         N/A       100%        6
 Monstrous Menagerie      Summ           7%         N/A       100%        7
 Storm Form               Tmut/Air       3%         N/A       100%        7
 Maxwell's Capacitive Co  Air            3%         ∞         100%        8


Dungeon Overview and Level Annotations

Branches:
Dungeon (15/15)            Temple (1/1) D:4            Lair (4/5) D:10
 Shoals (0/4) Lair:3        Snake (0/4) Lair:2          Orc (0/2) D:10
 Depths (0/4) D:15
  Slime: Lair:4-5    Vaults: D:13-14

Altars:
Ashenzari
Cheibriados
Dithmenos
Elyvilon
Fedhas
Gozag
Hepliaklqana
Kikubaaqudgha
Makhleb
Nemelex Xobeh
Okawaru
Qazlal
Ru
Sif Muna
Trog
Uskayaw
Vehumet
Wu Jian
Xom
Yredelemnul
Zin
The Shining One
Jiyva

Annotations:
D:4 2 transporters, Monarks's ghost, amateur SpCj
D:9 exclusion: 2 doors
D:12 Frances
D:15 1 runed translucent door, Carotun's ghost, journeyman FoFi
Lair:4 exclusion: 2 oklob plants


Innate Abilities, Weirdness & Mutations

You are small and have problems with some larger weapons.
You are completely attuned to the shadows.


Message History

You hear a bellow!
Casting: Confusing Touch (safe; 1% risk of failure)
Confirm with . or Enter, or press ? or * to list all spells.
Aiming: Ensorcelled Hibernation (safe; 1% risk of failure)
Press: ? - help, Shift-Dir - straight line, f - Frances
Aim: Frances, wielding a +0 mace and wearing a +0 chain mail (fast, weak-willed, chance to affect: 41%) Frances resists with some effort.
The ufetubus misses you. The ufetubus barely misses you.
Frances screams a word of power!
The sun demon closely misses you.
A yak comes into view.
The ufetubus barely misses you. The ufetubus completely misses you.
Casting: Ensorcelled Hibernation (safe; 1% risk of failure)
Confirm with . or Enter, or press ? or * to list all spells.
Aiming: Ensorcelled Hibernation (safe; 1% risk of failure)
Press: ? - help, Shift-Dir - straight line, f/p - Frances
Aim: Frances, wielding a +0 mace and wearing a +0 chain mail (fast, weak-willed, chance to affect: 41%) Frances resists with some effort.
Frances whispers indecipherable words.
The iron shot hits you! The sun demon barely misses you.
The yak gores the ynoxinul!
The ufetubus barely misses you. x2
Frances hits you with a +0 mace.
* * * LOW HITPOINT WARNING * * *
The sun demon hits you.
* * * LOW HITPOINT WARNING * * *
You are engulfed in flames.
You resist.
* * * LOW HITPOINT WARNING * * *
Casting: Ensorcelled Hibernation (safe; 1% risk of failure)
Confirm with . or Enter, or press ? or * to list all spells.
Aiming: Ensorcelled Hibernation (safe; 1% risk of failure)
Press: ? - help, Shift-Dir - straight line, f/p - Frances
Aim: Frances, wielding a +0 mace and wearing a +0 chain mail (fast, weak-willed, chance to affect: 41%)
Okay, then.
Unknown command.
As you read the scroll of teleportation, it crumbles to dust.
You feel strangely unstable. The ufetubus closely misses you.
The ufetubus completely misses you.
Frances screams a word of power!
The shard of ice hits you!!
You die...

.....#.#........#
#...†..#........#
#.....##........#
#.....##...(....#
#.....##........#
####..##........#
....#........#
#.5#5Y.......
##@33........
##@Y4.. #Y... .Y.
Y.


You could see Frances (fast, weak-willed), a sun demon (summoned, weak-willed),
5 yaks, a ynoxinul (summoned, weak-willed), a red devil (summoned) and 2
ufetubi.

Vanquished Creatures
  Fannar (Lair:2)
  2 vault guards (D:14)
  4 hydras
  An ogre mage (D:11)
  4 centaur warriors
  A death yak (Lair:3)
  5 two-headed ogres
  A vampire mage (Lair:4)
  A skeletal warrior (D:12)
  4 skysharks
  3 deep elf pyromancers
  An ugly thing (D:11)
  3 manticores
  A cyclops (D:11)
  9 elephants
  6 black mambas
  Joseph (D:7)
  A gargoyle (D:11)
  5 cane toads
  8 rime drakes
  A yaktaur (D:11)
  2 kobold demonologists (D:11)
  6 komodo dragons
  7 polar bears
  Grinder (D:3)
  3 trolls
  2 hornets
  10 blink frogs
  A dream sheep (Lair:3)
  A snapping turtle (Lair:3)
  A wraith (D:12)
  2 shadows (D:11)
  A vampire (D:11)
  3 wyverns
  A human (Lair:4)
  4 basilisks
  44 yaks
  4 vampire mosquitoes (D:11)
  Menkaure (D:7)
  3 acid dragons
  27 water moccasins
  Duvessa (D:7)
  10 ice beasts
  2 sky beasts
  2 ogres
  2 orc warriors
  A black bear (Lair:2)
  A black bear (shapeshifter) (D:15)
  4 centaurs
  13 wolves
  4 kobold brigands
  24 bullfrogs
  A gnoll sergeant (D:11)
  4 scorpions
  5 wights
  Dowan (D:7)
  3 killer bees (D:10)
  3 electric eels
  3 howler monkeys
  Crazy Yiuf (D:3)
  3 jellies
  9 orc priests
  3 sleepcaps
  4 hounds
  Jessica (D:3)
  13 orc wizards
  Natasha (thrice) (D:3)
  An iguana (D:5)
  Robin (D:2)
  7 gnolls
  19 adders
  3 shadow imps (D:8)
  2 white imps
  3 worms
  2 dart slugs (D:3)
  36 orcs
  9 ball pythons
  10 endoplasms
  6 giant cockroaches
  14 goblins
  8 hobgoblins
  4 jackals (D:1)
  5 quokkas
  3 bats
  3 frilled lizards
  19 kobolds
  6 rats
469 creatures vanquished.

Vanquished Creatures (collateral kills)
  Maggie (D:8)
  4 wights
  4 orcs (D:7)
9 creatures vanquished.

Vanquished Creatures (others)
  2 dancing weapons
  A giant cockroach (D:3)
3 creatures vanquished.

Grand Total: 481 creatures vanquished

Notes
Turn   | Place    | Note
-------+----------+-------------------------------------------
     0 | D:1      | porpoise the Kobold Enchanter began the quest for the Orb.
     0 | D:1      | Reached XP level 1. HP: 10/10 MP: 3/3
   227 | D:1      | Reached XP level 2. HP: 8/16 MP: 5/5
   291 | D:1      | Learned a level 2 spell: Ensorcelled Hibernation
   623 | D:1      | Reached XP level 3. HP: 20/20 MP: 6/6
   805 | D:2      | Reached skill level 1 in Fighting
  1108 | D:2      | Reached skill level 1 in Ice Magic
  1404 | D:2      | Noticed Robin
  1418 | D:2      | Reached XP level 4. HP: 21/25 MP: 8/8
  1431 | D:2      | Killed Robin
  1647 | D:2      | Learned a level 3 spell: Confusing Touch
  1651 | D:2      | Learned a level 3 spell: Tukima's Dance
  1665 | D:3      | Reached XP level 5. HP: 29/29 MP: 6/9
  1736 | D:3      | Identified the +2 ring mail "Ujeos" {Str+7}
  1949 | D:3      | Reached skill level 5 in Stealth
  2172 | D:3      | Noticed Jessica
  2177 | D:3      | Killed Jessica
  2395 | D:3      | Noticed Grinder
  2410 | D:3      | Paralysed by Grinder for 5 turns
  2421 | D:3      | Killed Grinder
  2422 | D:3      | Reached XP level 6. HP: 16/36 MP: 10/10
  2422 | D:3      | Reached XP level 7. HP: 17/40 MP: 11/11
  3045 | D:3      | Noticed Natasha
  3051 | D:3      | Killed Natasha
  3102 | D:3      | Found a runed translucent door.
  3105 | D:3      | Noticed Crazy Yiuf
  3110 | D:3      | Killed Crazy Yiuf
  3439 | D:3      | Noticed Natasha
  3443 | D:3      | Killed Natasha
  3494 | D:3      | Noticed Natasha
  3514 | D:3      | Killed Natasha
  3843 | D:4      | Found a transporter.
  3845 | D:4      | Found a transporter.
  3845 | D:4      | Noticed Monarks's ghost (amateur SpCj)
  3854 | D:4      | Found a staircase to the Ecumenical Temple.
  3924 | Temple   | Entered the Ecumenical Temple
  3927 | Temple   | Found a transporter.
  3927 | Temple   | Found a transporter.
  3929 | Temple   | Found a transporter.
  3929 | Temple   | Found a transporter.
  4355 | D:4      | Reached skill level 5 in Hexes
  4758 | D:5      | Entered Level 5 of the Dungeon
  4790 | D:5      | Reached XP level 8. HP: 45/46 MP: 8/12
  5101 | D:5      | Reached skill level 5 in Ice Magic
  5600 | D:5      | Found an ornate altar of the Wu Jian Council.
  5661 | D:5      | Found a bloodstained altar of Trog.
  5829 | D:6      | Reached XP level 9. HP: 13/52 MP: 3/13
  6125 | D:6      | HP: 2/53 [ice beast (8)]
  6134 | D:6      | Reached skill level 5 in Fighting
  6855 | D:6      | Found an ancient bone altar of Kikubaaqudgha.
  6855 | D:6      | Found a snail-covered altar of Cheibriados.
  6914 | D:6      | Reached skill level 5 in Short Blades
  7401 | D:7      | Noticed Menkaure
  7407 | D:7      | Killed Menkaure
  7697 | D:7      | Reached skill level 5 in Spellcasting
  7974 | D:7      | Noticed Dowan
  7975 | D:7      | Noticed Duvessa
  7999 | D:7      | Killed Duvessa
  8000 | D:7      | Reached XP level 10. HP: 8/61 MP: 7/17
  8006 | D:7      | Killed Dowan
  8381 | D:7      | Found a burning altar of Makhleb.
  8382 | D:7      | Found a shimmering blue altar of Sif Muna.
  8383 | D:7      | Found a basalt altar of Yredelemnul.
  8383 | D:7      | Found a sacrificial altar of Ru.
  8396 | D:7      | Noticed Joseph
  8409 | D:7      | Killed Joseph
  8916 | D:8      | Noticed Maggie
  8931 | D:8      | Killed Maggie
  8939 | D:8      | Noticed a two-headed ogre
  8957 | D:8      | Killed a two-headed ogre
  8958 | D:8      | Reached skill level 10 in Short Blades
  9159 | D:8      | Reached skill level 1 in Evocations
  9210 | D:8      | Identified a scroll of acquirement
  9211 | D:8      | Acquired 1125 gold pieces
  9217 | D:8      | Noticed a two-headed ogre
  9261 | D:8      | Killed a two-headed ogre
  9399 | D:8      | Acquired a +2 vampiric quick blade
  9425 | D:8      | Reached XP level 11. HP: 67/67 MP: 13/18
  9670 | D:8      | Identified the +1 ring mail of Indomitability {Will+ Str+3}
  9932 | D:9      | Reached skill level 10 in Stealth
 10292 | D:9      | Reached skill level 5 in Dodging
 10843 | D:10     | Entered Level 10 of the Dungeon
 10964 | D:10     | Reached skill level 5 in Evocations
 11301 | D:10     | Found a staircase to the Orcish Mines.
 11527 | D:10     | Learned a level 3 spell: Dazzling Flash
 11589 | D:10     | Noticed a two-headed ogre
 11591 | D:10     | Killed a two-headed ogre
 11592 | D:10     | Reached skill level 1 in Conjurations
 11594 | D:10     | Found a hide-covered altar of Uskayaw.
 11598 | D:10     | Became a worshipper of Uskayaw the Reveller
 11741 | D:10     | Noticed a manticore
 11745 | D:10     | Killed a manticore
 11745 | D:10     | Reached * piety under Uskayaw
 11760 | D:10     | Noticed a two-headed ogre
 11765 | D:10     | Reached ** piety under Uskayaw
 11769 | D:10     | Killed a two-headed ogre
 11769 | D:10     | Reached *** piety under Uskayaw
 11961 | D:10     | Found a staircase to the Lair.
 12141 | Lair:1   | Entered Level 1 of the Lair of Beasts
 12203 | Lair:1   | Reached **** piety under Uskayaw
 12423 | Lair:1   | Reached XP level 12. HP: 75/75 MP: 19/19
 12509 | Lair:1   | Identified the +9 dagger "Uwockajuu" {flame, Str+5 Int+3}
 12721 | Lair:1   | Reached ***** piety under Uskayaw
 12784 | Lair:1   | Reached skill level 5 in Conjurations
 12838 | Lair:1   | Noticed an eight-headed hydra
 12848 | Lair:1   | Killed an eight-headed hydra
 14771 | Lair:2   | Reached skill level 5 in Invocations
 15271 | Lair:2   | Reached XP level 13. HP: 80/80 MP: 9/23
 15428 | Lair:2   | Found a staircase to the Snake Pit.
 15569 | Lair:2   | Noticed Fannar
 15573 | Lair:2   | Killed Fannar
 17070 | Lair:3   | Reached skill level 10 in Hexes
 17745 | Lair:3   | Reached skill level 10 in Fighting
 17932 | Lair:3   | Noticed an eight-headed hydra
 17940 | Lair:3   | Killed an eight-headed hydra
 18299 | Lair:3   | Found a staircase to the Shoals.
 18593 | Lair:4   | Reached XP level 14. HP: 88/88 MP: 24/24
 19751 | Lair:4   | Found a viscous altar of Jiyva.
 19955 | Lair:4   | Found a runed translucent door.
 20241 | D:11     | Reached ****** piety under Uskayaw
 20521 | D:11     | Found a basalt altar of Yredelemnul.
 20998 | D:11     | Paralysed by a hornet for 1 turns
 21178 | D:11     | Identified the staff of cold "Enoin" {rPois rC+ Int+3 Dex+3
                  | Stlth-}
 21178 | D:11     | Identified the ring "Zili" {Fly rElec Dex+6 Slay+3}
 21189 | D:11     | Reached skill level 10 in Dodging
 21192 | D:11     | Identified the +6 falchion "Yram" {spect, rF+}
 21429 | D:11     | Upgraded the game from 0.31-a0-37-g98a128e1d9 to
                  | 0.31-a0-38-g1548c4f2a5
 21464 | D:12     | You fall into a shaft and drop 3 floors!
 21464 | D:15     | Entered Level 15 of the Dungeon
 21492 | D:15     | Found a runed translucent door.
 21502 | D:15     | Noticed Carotun's ghost (journeyman FoFi)
 21540 | D:14     | Learned a level 4 spell: Summon Ice Beast
 21546 | D:14     | Learned a level 5 spell: Summon Mana Viper
 21738 | D:14     | Reached skill level 1 in Summonings
 21844 | D:13     | Reached XP level 15. HP: 96/96 MP: 22/25
 22254 | D:12     | Noticed Frances
 22277 | D:12     | Killed from afar by Frances

Illustrated notes

Levels and vault maps discovered:
D:1:      dpeg_arrival_shrine, layout_loops_cross
D:2:      layout_loops_ring, nrook_loot_triangle, uniq_robin
D:3:      minmay_thinvault, layout_loops_ring, minmay_puff, uniq_grinder,
          uniq_natasha, uniq_crazy_yiuf_cottage, uniq_jessica
D:4:      layout_basic, minmay_temple_entry_mist, gammafunk_ghost_mausoleum
D:5:      layout_basic, mainiacjoe_overflow_divided_tiny,
          nicolae_elevator_lobby_plus
D:6:      layout_rooms, minitemple, serial_rivers,
          chequers_serial_rivers_large_b, chequers_serial_rivers_marsh,
          chequers_serial_rivers_small_3, chequers_serial_rivers_small_a,
          chequers_serial_rivers_marsh, chequers_serial_rivers_large_a
D:7:      layout_cave_pods, chequers_temple_overflow_statue_of_worship,
          uniq_duvessa, uniq_menkaure, uniq_joseph
D:8:      layout_rooms, minmay_joined_circles, uniq_maggie
D:9:      layout_basic, minivault_10, grunt_decor_mini_mirrors,
          nicolae_figureground_pulse
D:10:     layout_gridville, marbit_many_paths, hellmonk_lair_entry_icy,
          orc_0_dummy
D:11:     minmay_the_grid_triangle_9x9_recursive_3
          [minmay_the_grid_triangle_9x9_impossible_snake,
          minmay_the_grid_triangle_9x9_zippers_horizontal,
          minmay_the_grid_triangle_9x9_sparse_checkered,
          minmay_the_grid_triangle_9x9_prize_schism,
          minmay_the_grid_triangle_9x9_pentomino_pain,
          minmay_the_grid_triangle_9x9_sprig,
          minmay_the_grid_triangle_9x9_warning,
          minmay_the_grid_triangle_9x9_odd_lines,
          minmay_the_grid_triangle_9x9_empty], layout_rooms,
          yredelemnul_altar_generic
D:12:     layout_rooms, uniq_maurice, uniq_frances
D:13:     layout_cave_pods, dreamdust_looks_like_rain
D:14:     layout_roguey, erik_vaults_2, minmay_misc_feat_tiny
D:15:     grunt_enter_depths_snipers, layout_small_grid, gammafunk_ghost_grave,
          chequers_serial_rivers_micro_b
Temple:   hellmonk_temple_divided_pantheon
Lair:1:   layout_concentric_octagons, grunt_megastairs_2, lemuel_fruit_tree,
          serial_bayou_shore_b, infiniplex_staircase_pool_2,
          serial_bayou_shore_a
Lair:2:   lemuel_reptile_caves, layout_regular_city, dummy_snake_entry,
          beast_lair_carwin_8, uniq_fannar
Lair:3:   nzn_winding_woodlands_medium [nzn_winding_woodlands_5x5_default,
          nzn_winding_woodlands_5x15_cabin,
          nzn_winding_woodlands_5x5_checkerboard,
          nzn_winding_woodlands_5x5_open_star,
          nzn_winding_woodlands_center_lodge,
          nzn_winding_woodlands_5x5_closed_star,
          nzn_winding_woodlands_5x5_default,
          nzn_winding_woodlands_5x15_concentric,
          nzn_winding_woodlands_hourglass], layout_gridlike,
          minmay_shoals_entry_hut, serial_bayou_shore_b, grunt_megastairs_5
Lair:4:   wad_woods_04, layout_cave_pods, minmay_slime_entry_oklob_enclosed,
          pdpol_lair_cabin_in_the_woods

Skill      XL: |  1  2  3  4  5  6  7  8  9 10 11 12 13 14 15 |
---------------+----------------------------------------------+-----
Fighting       | 1 2 3 4 6 7 8 9 10 12 | 12.0
Ice Magic      | 1 2 3 4 5 7 |  7.0
Spellcasting   | 3 5 7 |  7.0
Stealth        | 5 6 7 9 12 | 12.0
Hexes          | 4 5 6 7 8 11 12 | 12.0
Short Blades   | 7 10 | 10.0
Evocations     | 3 5 |  5.0
Dodging        | 4 7 9 10 | 10.7
Conjurations   | 4 5 |  5.0
Invocations    | 6 7 8 |  8.9
Summonings     | 1 2 |  2.2

Action                     |  1- 3 |  4- 6 |  7- 9 | 10-12 | 13-15 || total
---------------------------+-------+-------+-------+-------+-------++-------
  Melee: Dagger            |    65 |    95 |   125 |       |       ||   285
         Punch             |       |     1 |     3 |     7 |     6 ||    17
         Short sword       |       |       |   170 |   131 |       ||   301
         Quick blade       |       |       |       |   484 |   530 ||  1014
  Throw: Dart              |       |       |     2 |       |       ||     2
   Cast: Ensorcelled Hiber |       |     3 |    31 |    85 |   126 ||   245
         Confusing Touch   |       |     1 |     9 |    29 |    23 ||    62
         Tukima's Dance    |       |       |     2 |     7 |     3 ||    12
         Summon Ice Beast  |       |       |       |       |     1 ||     1
 Invoke: Line Pass         |       |       |       |     1 |     1 ||     2
         Stomp             |       |       |       |       |     4 ||     4
  Evoke: Wand              |       |       |       |       |     2 ||     2
    Use: Potion            |       |     1 |     5 |     1 |     2 ||     9
         Scroll            |       |       |    19 |    11 |     5 ||    35
   Stab: Sleeping          |    21 |    17 |    57 |    72 |    97 ||   264
         Confused          |       |     1 |     5 |    31 |    31 ||    68
         Invisible         |       |     2 |       |       |       ||     2
         Distracted        |       |       |     1 |     1 |     3 ||     5
         Paralysed         |       |       |       |    11 |    32 ||    43
 Armour: Robe              |     6 |     5 |    61 |    95 |    90 ||   257
  Dodge: Dodged            |    31 |    49 |   189 |   358 |   343 ||   970

Table legend: (Time is in decaauts)
 A = Elapsed time spent in this place.
 B = Non-inter-level travel time spent in this place.
 C = Inter-level travel time spent in this place.
 D = Time resting spent in this place.
 E = Time spent auto-exploring this place.
 F = Levels seen in this place.
 G = Mean time per level.
                   A        B        C        D        E       F      G
               +--------+--------+--------+--------+--------+-----+--------+
         Total |  21646 |  20712 |    934 |   4981 |  11686 |  20 | 1082.3 |
       Dungeon |  14220 |  13635 |    585 |   3067 |   7823 |  15 |  948.0 |
        Temple |    123 |    123 |      0 |      0 |      3 |   1 |  123.0 |
          Lair |   7302 |   6953 |    349 |   1913 |   3859 |   4 | 1825.5 |
               +--------+--------+--------+--------+--------+-----+--------+

Top non-repeatable levels by time:
  Lair:2: 2117 daAuts
     D:3: 1991 daAuts
  Lair:1: 1817 daAuts
  Lair:3: 1813 daAuts
     D:6: 1652 daAuts
  Lair:4: 1554 daAuts
    D:10: 1500 daAuts
     D:7: 1497 daAuts
    D:11: 1264 daAuts
     D:9: 1091 daAuts
     D:8: 1035 daAuts
     D:4: 983 daAuts
     D:5: 937 daAuts
     D:2: 867 daAuts
     D:1: 779 daAuts
